IL
TOLEDO MUD HENS @ OMAHA STORM CHASERS
05/20/2047
 
TOP OF THE 1ST
Toledo Mud Hens batting - Pitching for Omaha Storm Chasers : RHP Steve Ryals
Pitching: RHP Steve Ryals
Batting: LHB Bill Ford 0-0: Called Strike
0-1: Fly out, F9 (Flyball, 9, EV 90.0 MPH)
Batting: RHB Willis Morales 0-0: Called Strike
0-1: Called Strike
0-2: Strikes out swinging
Batting: LHB Conrad Taylor 0-0: Ball
1-0: Ball
2-0: Ball
3-0: Called Strike
3-1: Base on Balls
Batting: LHB Jon Frederick 0-0: Called Strike
0-1: Called Strike
0-2: Ball
1-2: Ball
2-2: Foul Ball, location: 2F
2-2: Strikes out swinging
Top of the 1st over - 0 runs, 0 hits, 0 errors, 1 left on base; Toledo 0 - Omaha 0
BOTTOM OF THE 1ST
Omaha Storm Chasers batting - Pitching for Toledo Mud Hens : RHP Ruben Arana
Pitching: RHP Ruben Arana
Batting: RHB Matt Belgard 0-0: Ball
1-0: Ball
2-0: Ball
3-0: Called Strike
3-1: Base on Balls
Batting: LHB Justin Rupert 0-0: Ball
1-0: Called Strike
Matt Belgard is caught stealing 2nd base 2-6
1-1: Foul Ball, location: 2F
1-2: Ball
2-2: Foul Ball, location: 2F
2-2: Ground out U3 (Groundball, 34, EV 99.4 MPH)
Batting: LHB Robby Diaz 0-0: Ball
1-0: Fly out, F9 (Line Drive, 9S, EV 88.1 MPH)
Bottom of the 1st over - 0 runs, 0 hits, 0 errors, 0 left on base; Toledo 0 - Omaha 0
TOP OF THE 2ND
Toledo Mud Hens batting - Pitching for Omaha Storm Chasers : RHP Steve Ryals
Batting: RHB J.J. Basil 0-0: Foul Ball, location: 2F
0-1: DOUBLE (Groundball, 5L, EV 99.4 MPH)
Batting: RHB Dan Becvar 0-0: Ground out 6-3 (Groundball, 6, EV 84.4 MPH)
J.J. Basil to third
Batting: RHB Dave Calder 0-0: Called Strike
0-1: Foul Ball, location: 2F
0-2: Ball
1-2: Fly out, F9 (Flyball, 9LS, EV 85.6 MPH)
Batting: RHB Aaron Cusick 0-0: Ball
Wild Pitch!
J.J. Basil scores
1-0: Called Strike
1-1: Foul Ball, location: 2F
1-2: Ball
2-2: Foul Ball, location: 2F
2-2: Ball
3-2: Strikes out swinging, 2-3 out at first.
Top of the 2nd over - 1 run, 1 hit, 0 errors, 0 left on base; Toledo 1 - Omaha 0
BOTTOM OF THE 2ND
Omaha Storm Chasers batting - Pitching for Toledo Mud Hens : RHP Ruben Arana
Batting: LHB Pete Hansel 0-0: Called Strike
0-1: Ball
1-1: SINGLE (Line Drive, 8RS, EV 103.8 MPH)
Batting: RHB Taisei Fujii 0-0: Ball
1-0: Fly out, F8 (Flyball, 8RM, EV 81.2 MPH)
Batting: RHB Ken Postlethwaite 0-0: Ball
1-0: Ball
2-0: Called Strike
2-1: Fielders Choice at 2nd, 6-4 (Groundball, 6, EV 95.6 MPH)
Batting: LHB Danny Bailey 0-0: Ground out U3 (Groundball, 3S, EV 86.2 MPH)
Bottom of the 2nd over - 0 runs, 1 hit, 0 errors, 1 left on base; Toledo 1 - Omaha 0
TOP OF THE 3RD
Toledo Mud Hens batting - Pitching for Omaha Storm Chasers : RHP Steve Ryals
Batting: SHB Scott Bartholomew 0-0: Swinging Strike
0-1: Ball
1-1: Ball
2-1: Called Strike
2-2: Foul Ball, location: 2F
2-2: Ball
3-2: Base on Balls
Batting: LHB Bill Ford 0-0: Called Strike
0-1: Ball
1-1: Foul Ball, location: 2F
1-2: SINGLE (Groundball, 34D, EV 96.9 MPH)
Scott Bartholomew to second
Runner from 2nd tries for 3rd, OUT! 9-5
Bill Ford to second
Batting: RHB Willis Morales 0-0: Called Strike
0-1: Fly out, F8 (Line Drive, 8RS, EV 93.8 MPH)
Batting: LHB Conrad Taylor 0-0: Ball
1-0: Ball
2-0: Called Strike
2-1: Ground out 6-3 (Groundball, 6, EV 87.5 MPH)
Top of the 3rd over - 0 runs, 1 hit, 0 errors, 1 left on base; Toledo 1 - Omaha 0
BOTTOM OF THE 3RD
Omaha Storm Chasers batting - Pitching for Toledo Mud Hens : RHP Ruben Arana
Batting: RHB Aaron Matthews 0-0: SINGLE (Groundball, 6S, EV 61.9 MPH) (infield hit)
Batting: RHB Marco Diaz 0-0: Ball
1-0: Ball
2-0: Foul Ball, location: 2F
2-1: Foul Ball, location: 2F
2-2: Ball
3-2: Grounds into double play, 4-6-3 (Groundball, 34, EV 86.9 MPH)
Batting: RHB Matt Belgard 0-0: Called Strike
0-1: Ball
1-1: Ball
2-1: SINGLE (Groundball, 56, EV 106.2 MPH) (infield hit)
Batting: LHB Justin Rupert 0-0: Called Strike
Matt Belgard is caught stealing 2nd base 2-6
Bottom of the 3rd over - 0 runs, 2 hits, 0 errors, 0 left on base; Toledo 1 - Omaha 0
TOP OF THE 4TH
Toledo Mud Hens batting - Pitching for Omaha Storm Chasers : RHP Steve Ryals
Batting: LHB Jon Frederick 0-0: Ball
1-0: Called Strike
1-1: SOLO HOME RUN (Flyball, 89XD, EV 99.4 MPH), Distance : 389 ft
Batting: RHB J.J. Basil 0-0: Ball
1-0: Foul Ball, location: 2F
1-1: Foul Ball, location: 2F
1-2: Ground out 6-3 (Groundball, 6, EV 91.9 MPH)
Pitching: RHP Justin Potts
Batting: RHB Dan Becvar 0-0: Ball
1-0: Swinging Strike
1-1: Ball
2-1: Foul Ball, location: 2F
2-2: Foul Ball, location: 2F
2-2: Foul Ball, location: 2F
2-2: Strikes out looking
Batting: RHB Dave Calder 0-0: Ball
1-0: Called Strike
1-1: Called Strike
1-2: Ball
2-2: Strikes out swinging
Top of the 4th over - 1 run, 1 hit, 0 errors, 0 left on base; Toledo 2 - Omaha 0
BOTTOM OF THE 4TH
Omaha Storm Chasers batting - Pitching for Toledo Mud Hens : RHP Ruben Arana
Batting: LHB Justin Rupert 0-0: Ball
1-0: Foul Ball, location: 2F
1-1: Swinging Strike
1-2: Ball
2-2: Ball
3-2: Base on Balls
Batting: LHB Robby Diaz 0-0: Swinging Strike
0-1: SINGLE (Groundball, 13, EV 84.4 MPH) (infield hit)
Justin Rupert to second
Batting: LHB Pete Hansel 0-0: Called Strike
0-1: Fly out, F7 (Flyball, 78M, EV 86.2 MPH)
Batting: RHB Taisei Fujii 0-0: Fly out, F9 (Flyball, 9S, EV 78.1 MPH)
Batting: RHB Ken Postlethwaite 0-0: Called Strike
0-1: Called Strike
0-2: Strikes out swinging
Bottom of the 4th over - 0 runs, 1 hit, 0 errors, 2 left on base; Toledo 2 - Omaha 0
TOP OF THE 5TH
Toledo Mud Hens batting - Pitching for Omaha Storm Chasers : RHP Justin Potts
Batting: RHB Aaron Cusick 0-0: Ground out 5-3 (Groundball, 5S, EV 83.8 MPH)
Batting: SHB Scott Bartholomew 0-0: Foul Ball, location: 2F
0-1: Called Strike
0-2: Ball
1-2: Ball
2-2: Ball
3-2: Base on Balls
Batting: LHB Bill Ford 0-0: Ball
1-0: Called Strike
1-1: Swinging Strike
1-2: Ball
2-2: SINGLE (Groundball, 34D, EV 100.0 MPH)
Scott Bartholomew to second
Runner from 2nd tries for 3rd, SAFE, throw by RF made to third
Batting: RHB Willis Morales 0-0: Called Strike
Bill Ford is caught stealing 2nd base 2-4
0-1: Ball
1-1: Foul Ball, location: 2F
1-2: Ground out 1-3 (Groundball, 15S, EV 65.6 MPH)
Top of the 5th over - 0 runs, 1 hit, 0 errors, 1 left on base; Toledo 2 - Omaha 0
BOTTOM OF THE 5TH
Omaha Storm Chasers batting - Pitching for Toledo Mud Hens : RHP Ruben Arana
Batting: LHB Danny Bailey 0-0: Foul Ball, location: 2F
0-1: Called Strike
0-2: SOLO HOME RUN (Flyball, 78XD, EV 98.1 MPH), Distance : 399 ft
Batting: RHB Aaron Matthews 0-0: Ball
1-0: Called Strike
1-1: Ball
2-1: SINGLE (Flyball, 89S, EV 87.5 MPH)
Batting: RHB Marco Diaz 0-0: Ball
1-0: Called Strike
1-1: Called Strike
1-2: Ball
2-2: Ball
3-2: Ground out 6-3 (Groundball, 4MS, EV 88.1 MPH)
Aaron Matthews to second
Batting: RHB Matt Belgard 0-0: Ground out 5-3 (Groundball, 56, EV 85.6 MPH)
Batting: LHB Justin Rupert 0-0: Swinging Strike
0-1: Ball
1-1: Called Strike
1-2: Strikes out looking
Bottom of the 5th over - 1 run, 2 hits, 0 errors, 1 left on base; Toledo 2 - Omaha 1
TOP OF THE 6TH
Toledo Mud Hens batting - Pitching for Omaha Storm Chasers : RHP Justin Potts
Batting: LHB Conrad Taylor 0-0: Called Strike
0-1: Called Strike
0-2: Ball
1-2: Ball
2-2: Strikes out looking
Batting: LHB Jon Frederick 0-0: Called Strike
0-1: Foul Ball, location: 2F
0-2: Ball
1-2: Ball
2-2: Foul Ball, location: 2F
2-2: Ground out 6-3 (Groundball, 4M, EV 80.6 MPH)
Batting: RHB J.J. Basil 0-0: Called Strike
0-1: Swinging Strike
0-2: Foul Ball, location: 2F
0-2: Ground out 5-3 (Groundball, 5, EV 93.8 MPH)
Top of the 6th over - 0 runs, 0 hits, 0 errors, 0 left on base; Toledo 2 - Omaha 1
BOTTOM OF THE 6TH
Omaha Storm Chasers batting - Pitching for Toledo Mud Hens : RHP Ruben Arana
Batting: LHB Robby Diaz 0-0: Fly out, F7 (Line Drive, 7D, EV 104.4 MPH)
Batting: LHB Pete Hansel 0-0: Ball
1-0: Foul Ball, location: 2F
1-1: Swinging Strike
1-2: Foul Ball, location: 2F
1-2: Fly out, F5 (Line Drive, 5D, EV 69.4 MPH)
Batting: RHB Taisei Fujii 0-0: Ball
1-0: Called Strike
1-1: Swinging Strike
1-2: Ball
2-2: Fly out, F6 (Popup, 6, EV 79.4 MPH)
Bottom of the 6th over - 0 runs, 0 hits, 0 errors, 0 left on base; Toledo 2 - Omaha 1
TOP OF THE 7TH
Toledo Mud Hens batting - Pitching for Omaha Storm Chasers : RHP Justin Potts
Pitching: RHP Terry Romaine
Batting: RHB Dan Becvar 0-0: Ball
1-0: Ball
2-0: Fly out, F9 (Flyball, 9, EV 88.8 MPH)
Batting: RHB Dave Calder 0-0: Ball
1-0: Ball
2-0: Ball
3-0: Base on Balls
Batting: RHB Aaron Cusick 0-0: Fly out, F8 (Line Drive, 8RM, EV 86.9 MPH)
Batting: SHB Scott Bartholomew 0-0: Called Strike
0-1: Ball
1-1: Foul Ball, location: 2F
1-2: SINGLE (Line Drive, 8LS, EV 96.9 MPH)
Dave Calder to second
Runner from 2nd tries for 3rd, SAFE, throw by CF made to third
Batting: LHB Bill Ford 0-0: Ball
1-0: Called Strike
1-1: Foul Ball, location: 2F
1-2: Fielders Choice at 2nd, 6-4 (Groundball, 6, EV 108.8 MPH)
Top of the 7th over - 0 runs, 1 hit, 0 errors, 2 left on base; Toledo 2 - Omaha 1
BOTTOM OF THE 7TH
Omaha Storm Chasers batting - Pitching for Toledo Mud Hens : RHP Ruben Arana
Batting: RHB Ken Postlethwaite 0-0: Ball
1-0: SINGLE (Groundball, 6MD, EV 97.5 MPH)
Batting: LHB Danny Bailey 0-0: Foul Ball, location: 2F
0-1: Ball
1-1: Fielders Choice at 2nd, 4-6 (Groundball, 34, EV 86.2 MPH)
Pinch Hitting: LHB Jim Pankratz 0-0: Ball
1-0: Ball
2-0: Called Strike
2-1: Foul Ball, location: 2F
2-2: Foul Ball, location: 2F
2-2: Ball
3-2: Fly out, F9 (Flyball, 89M, EV 95.6 MPH)
Batting: RHB Marco Diaz 0-0: Called Strike
0-1: Ground out 4-3 (Groundball, 4D, EV 102.5 MPH)
Bottom of the 7th over - 0 runs, 1 hit, 0 errors, 1 left on base; Toledo 2 - Omaha 1
TOP OF THE 8TH
Toledo Mud Hens batting - Pitching for Omaha Storm Chasers : RHP Terry Romaine
Now at 2B: Jerry Castillo
Batting: RHB Willis Morales 0-0: Ball
1-0: Foul Ball, location: 2F
1-1: Foul Ball, location: 2F
1-2: Fly out, F9 (Flyball, 89XD, EV 103.1 MPH)
Batting: LHB Conrad Taylor 0-0: Ball
1-0: Hit by Pitch
Batting: LHB Jon Frederick 0-0: Called Strike
0-1: Fly out, F7 (Flyball, 7LS, EV 86.9 MPH)
Batting: RHB J.J. Basil 0-0: Foul Ball, location: 2F
0-1: Foul Ball, location: 2F
0-2: Ball
1-2: Hit by Pitch
Conrad Taylor to second
Batting: RHB Dan Becvar 0-0: Ball
1-0: Fielders Choice at 2nd, 6-4 (Groundball, 6, EV 98.8 MPH)
Top of the 8th over - 0 runs, 0 hits, 0 errors, 2 left on base; Toledo 2 - Omaha 1
BOTTOM OF THE 8TH
Omaha Storm Chasers batting - Pitching for Toledo Mud Hens : RHP Ruben Arana
Pitching: RHP Jason Mucci
Batting: RHB Matt Belgard 0-0: Ball
1-0: Foul Ball, location: 2F
1-1: Fly out, F7 (Line Drive, 7, EV 96.2 MPH)
Batting: LHB Justin Rupert 0-0: Ball
1-0: Swinging Strike
1-1: Ball
2-1: Foul Ball, location: 2F
2-2: Ball
3-2: Ground out 4-3 (Groundball, 34D, EV 91.2 MPH)
Batting: LHB Robby Diaz 0-0: Ball
1-0: Fly out, F7 (Flyball, 7D, EV 86.2 MPH)
Bottom of the 8th over - 0 runs, 0 hits, 0 errors, 0 left on base; Toledo 2 - Omaha 1
TOP OF THE 9TH
Toledo Mud Hens batting - Pitching for Omaha Storm Chasers : RHP Terry Romaine
Pitching: RHP Mike Galvin
Batting: RHB Dave Calder 0-0: Ball
1-0: Reached on error, E6 (Groundball, 6MD, EV 102.5 MPH)
Batting: RHB Aaron Cusick 0-0: Ball
1-0: Sac Bunt to 15 - play at first, batter safe!
Dave Calder to second
Batting: SHB Scott Bartholomew 0-0: Sac Bunt to 3S - play at first, batter OUT! 3-4
Dave Calder to third
Aaron Cusick to second
Batting: LHB Bill Ford 0-0: Ball
1-0: Foul Ball, location: 2F
1-1: Swinging Strike
1-2: Ball
2-2: Foul Ball, location: 2F
2-2: Ball
3-2: 3-RUN HOME RUN (Flyball, 9LD, EV 93.1 MPH), Distance : 343 ft
Pitching: RHP Nam Phong
Batting: RHB Willis Morales 0-0: Ball
1-0: Ball
2-0: Foul Ball, location: 2F
2-1: Ball
3-1: Swinging Strike
3-2: Foul Ball, location: 2F
3-2: Foul Ball, location: 2F
3-2: Foul Ball, location: 2F
3-2: Strikes out swinging
Batting: LHB Conrad Taylor 0-0: Called Strike
0-1: Ball
1-1: Ground out 1-3 (Groundball, P, EV 73.8 MPH)
Top of the 9th over - 3 runs, 2 hits, 1 error, 0 left on base; Toledo 5 - Omaha 1
BOTTOM OF THE 9TH
Omaha Storm Chasers batting - Pitching for Toledo Mud Hens : RHP Jason Mucci
Pitching: RHP Eric Putnam
Batting: LHB Pete Hansel 0-0: Swinging Strike
0-1: Fly out, F7 (Flyball, 78D, EV 103.8 MPH)
Batting: RHB Taisei Fujii 0-0: SINGLE (Groundball, 56D, EV 98.1 MPH)
Batting: RHB Ken Postlethwaite 0-0: Fielders Choice at 2nd, 4-6 (Groundball, P, EV 78.8 MPH)
Batting: LHB Danny Bailey 0-0: Ball
1-0: Fielders Choice at 2nd, 5-4 (Groundball, 5, EV 108.1 MPH)
Bottom of the 9th over - 0 runs, 1 hit, 0 errors, 1 left on base; Toledo 5 - Omaha 1
Thursday, December 15th , 2022 - OOTP Baseball 23.9 Build 102